 Dungeon Crawl Stone Soup version 0.29-a0-322-g68df515428 (webtiles) character file.

Game seed: 361929561356090283

8500 Leszczynek the Cleaver (level 11, 0/86 HPs)
             Began as a Human Gladiator on Apr 5, 2022.
             Was an Elder of Okawaru.
             Slain by a death yak simulacrum (18 damage)
             ... in an ice cave.
             The game lasted 00:36:52 (5408 turns).

Leszczynek the Cleaver (Human Gladiator)            Turns: 5408, Time: 00:36:53

Health: 0/86       AC: 17    Str: 17    XL:     11   Next: 57%
Magic:  14/16      EV: 17    Int:  8    God:    Okawaru [****..]
Gold:   516        SH:  0    Dex: 16    Spells: 10/10 levels left

rFire   . . .      SeeInvis .   e - +4 battleaxe
rCold   + . .      Faith    .   (shield currently unavailable)
rNeg    + . .      Spirit   .   N - +2 ring mail {rF+}
rPois   +          Reflect  .   A - +0 helmet
rElec   .          Harm     .   g - +2 ratskin cloak {*Rats rPois rN+ Str-1 Int-1 Dex+1}
rCorr   .          Rampage  .   I - +0 pair of gloves
Will    +....                   x - +2 pair of boots {Stlth+}
Stlth   +++.......              (no amulet)
HPRegen 0.24/turn               O - ring of willpower
MPRegen 0.15/turn               n - ring of ice

@: heroic
A: no striking features
a: Renounce Religion, Heroism, Finesse


You were in an ice cave.
You worshipped Okawaru.
Okawaru was greatly pleased with you.
You visited 3 branches of the dungeon, and saw 14 of its levels.
You also visited: Ice Cave.

You collected 516 gold pieces.

Inventory:

Hand Weapons
 a - a +3 war axe
 b - the +8 trident of the Octopus King {venom, rElec rPois}
   (You found it on level 6 of the Dungeon)

   It poisons the flesh of those it strikes.
   rElec:     It insulates you from electricity.
   rPois:     It protects you from poison.
 c - a +3 scimitar of flaming
 e - a +4 battleaxe (weapon)
Missiles
 d - a throwing net
 j - 4 datura-tipped darts {god gift}
 k - 10 boomerangs (quivered)
 y - 17 poisoned darts
 J - a javelin
 K - 2 curare-tipped darts
Armour
 g - the +2 ratskin cloak (worn) {*Rats rPois rN+ Str-1 Int-1 Dex+1}
   (You found it on level 3 of the Dungeon)

   When the wearer is hurt, rats may emerge from it to assist them.
   Str:       It affects your strength (-1).
   Int:       It affects your intelligence (-1).
   Dex:       It affects your dexterity (+1).
   rPois:     It protects you from poison.
   rN:        It protects you from negative energy.
 x - a +2 pair of boots of stealth (worn)
 A - a +0 helmet (worn)
 I - a +0 pair of gloves (worn)
 N - a +2 ring mail of fire resistance (worn)
 Q - a +1 tower shield of cold resistance
Jewellery
 n - a ring of ice (right hand)
 u - a ring of resist corrosion
 v - a ring of see invisible
 O - a ring of willpower (left hand)
Wands
 w - a wand of acid (5)
 z - a wand of flame (17)
 B - a wand of iceblast (3)
 G - a wand of mindburst (15)
 M - a wand of digging (8)
Scrolls
 l - a scroll of teleportation
 m - 3 scrolls of silence {!r}
 o - 2 scrolls of blinking
 q - 2 scrolls of brand weapon {unknown}
 s - 3 scrolls of enchant weapon
 D - 2 scrolls of fog {unknown}
 F - a scroll of fear {unknown}
Potions
 f - a potion of ambrosia
 h - a potion of magic {unknown}
 i - a potion of might {unknown}
 p - 4 potions of curing {@q1}
 r - a potion of haste
 t - a potion of resistance {unknown}
 C - 3 potions of heal wounds {@q2}
 E - 2 potions of brilliance {unknown}
 H - a potion of mutation {unknown}
 L - a potion of invisibility {unknown}
 P - a potion of berserk rage {unknown}


   Skills:
 + Level 8.1(13.1) Fighting
 * Level 11.2(16.2) Axes
 - Level 7.1(12.1) Throwing
 + Level 6.6(11.6) Dodging
 + Level 6.8 Invocations


You had 10 spell levels left.
You didn't know any spells.
Your spell library contained the following spells:

 Spells                   Type           Power      Damage    Failure   Level
 Corpse Rot               Necr/Air       0%         N/A       75%         2
 Ensorcelled Hibernation  Hex/Ice        0%         N/A       75%         2
 Portal Projectile        Hex/Tloc       0%         N/A       92%         3
 Spider Form              Tmut/Pois      0%         N/A       92%         3
 Anguish                  Hex/Necr       0%         N/A       100%        4
 Dispel Undead            Necr           0%         3d6       100%        4
 Leda's Liquefaction      Hex/Erth       0%         N/A       100%        4
 Passage of Golubria      Tloc           0%         N/A       100%        4
 Blade Hands              Tmut           0%         N/A       100%        5
 Excruciating Wounds      Necr           0%         N/A       100%        5
 Iskenderun's Battlesphe  Conj           0%         2d6       100%        5
 Yara's Violent Unravell  Hex/Tmut       0%         3d3       100%        5
 Dispersal                Tloc           0%         N/A       100%        6
 Iron Shot                Conj/Erth      0%         9d1       100%        6
 Disjunction              Tloc           0%         N/A       100%        8
 Call Canine Familiar     Summ           Unusable   N/A       N/A         3
 Tukima's Dance           Hex            Unusable   N/A       N/A         3
 Death Channel            Necr           Unusable   N/A       N/A         6
 Spellforged Servitor     Conj/Summ      Unusable   N/A       N/A         7

Dungeon Overview and Level Annotations

Branches:
Dungeon (12/15)            Temple (1/1) D:6            Lair (0/6) D:10
    Orc (1/2) D:10          IceCv (1/1)

Altars:
Ashenzari
Cheibriados
Dithmenos
Elyvilon
Fedhas
Gozag
Kikubaaqudgha
Makhleb
Nemelex Xobeh
Okawaru
Qazlal
Ru
Sif Muna
Trog
Uskayaw
Vehumet
Wu Jian
Xom
Yredelemnul
Zin
The Shining One

Shops:
D:10 *   Orc:1 *

Annotations:
D:4 Menkaure
D:10 exclusion: downstairs
D:11 Erolcha
D:12 exclusion: fire giant, Frances


Message History

An ufetubus, 2 spriggan simulacra and a death yak simulacrum come into view.
Unknown command.
Aiming: Throw Flame
Press: ? - help, Shift-Dir - straight line, f - death yak simulacrum
Aim: a death yak simulacrum (100% to hit)
The puff of flame hits the death yak simulacrum.
The death yak simulacrum melts!
The death yak simulacrum is lightly damaged.
The ufetubus shouts!
You gain the combat prowess of a mighty hero.
You can no longer enter into single combat with a foe.
Okawaru will no longer gift you equipment.
The death yak simulacrum gores you! The death yak simulacrum freezes you!
You resist.
You are too injured to fight recklessly!
You are too injured to fight recklessly!
You slash the death yak simulacrum!
The death yak simulacrum is heavily damaged.
Unknown command.
Aiming: Throw Flame
Press: ? - help, Shift-Dir - straight line, f/p - death yak simulacrum
Aim: a death yak simulacrum (heavily damaged, 100% to hit)
The puff of flame hits the ufetubus!
The ufetubus is burned terribly!
You kill the ufetubus!
Okawaru accepts your kill.
Aiming: Throw Flame
Press: ? - help, Shift-Dir - straight line, f/p - death yak simulacrum
Aim: a death yak simulacrum (heavily damaged, 100% to hit)
The puff of flame hits the death yak simulacrum but does no damage.
The death yak simulacrum is heavily damaged.
Aiming: Throw Flame
Press: ? - help, Shift-Dir - straight line, f/p - death yak simulacrum
Aim: a death yak simulacrum (heavily damaged, 100% to hit)
The puff of flame hits the death yak simulacrum!
The death yak simulacrum melts!
The death yak simulacrum is severely damaged.
The death yak simulacrum gores you!
* * * LOW HITPOINT WARNING * * *
The death yak simulacrum freezes you!! You resist.
You die...

.. #### #. ##..# #.#
###...# .Z ##.#.#.#
.# ###...##.#
#Z##.#.#.##.#
#Z#....#.#.####
#.@.#.####.#≈≈#
##.######.#≈≈#
####....#≈≈##
###.####≈≈####
##..##.##≈##..#
##...#..#≈##...#
#...##...##..#.##
#..##..#.#....#.#
####..##.##.#..##..#


You could see a death yak simulacrum and 2 spriggan simulacra.

Vanquished Creatures
  Erica (D:11)
  Sonja (D:10)
  Nergalle (D:12)
  A manticore (D:12)
  A gargoyle (D:11)
  A komodo dragon (D:8)
  A kobold demonologist (D:11)
  An anaconda simulacrum (IceCv)
  A troll (Orc:1)
  Sigmund (D:3)
  A shadow (D:10)
  A wyvern (D:8)
  A wraith (D:9)
  A death yak simulacrum (IceCv)
  Grum (D:8)
  A steam dragon (D:8)
  3 vampire mosquitoes (D:11)
  2 water moccasins
  An orc warrior (Orc:1)
  A black bear (D:8)
  A sky beast (D:5)
  An ogre (Orc:1)
  4 wolves (D:8)
  3 centaurs
  2 kobold brigands
  A gnoll sergeant (D:10)
  A bullfrog (D:7)
  A necrophage (D:7)
  4 scorpions
  2 two-headed ogre simulacra (IceCv)
  9 wights
  6 killer bees (D:8)
  An elephant simulacrum (IceCv)
  2 howler monkeys (D:9)
  3 jellies
  4 orc priests
  A hound (D:5)
  5 iguanas
  5 orc wizards
  7 spriggan simulacra (IceCv)
  2 troll simulacra (IceCv)
  2 polar bear simulacra (IceCv)
  2 wolf simulacra (IceCv)
  3 gnolls (D:10)
  10 adders
  2 naga simulacra (IceCv)
  A white imp (IceCv)
  9 ufetubi
  5 worms
  4 dart slugs
  34 orcs
  3 bats
  4 endoplasms
  2 giant cockroaches
  7 goblins
  5 hobgoblins
  5 jackals
  13 kobolds
  A quokka (D:3)
  A frilled lizard (D:3)
  2 rats (D:2)
203 creatures vanquished.

Vanquished Creatures (collateral kills)
  An ogre (D:5)
1 creature vanquished.

Vanquished Creatures (others)
  An orc (D:10)
1 creature vanquished.

Grand Total: 205 creatures vanquished

Notes
Turn   | Place    | Note
-------+----------+-------------------------------------------
     0 | D:1      | Leszczynek the Human Gladiator began the quest for the Orb.
     0 | D:1      | Reached XP level 1. HP: 16/16 MP: 1/1
    70 | D:2      | Reached XP level 2. HP: 21/22 MP: 2/2
   321 | D:2      | this fucking layout
   366 | D:2      | Reached XP level 3. HP: 28/28 MP: 3/3
   435 | D:2      | Found a glowing silver altar of Zin.
   614 | D:3      | Reached XP level 4. HP: 22/34 MP: 4/4
   671 | D:3      | Found an opulent altar of Gozag.
   726 | D:3      | Noticed Sigmund
   740 | D:3      | Killed Sigmund
   741 | D:3      | Reached skill level 3 in Fighting
   741 | D:3      | Reached skill level 4 in Axes
   741 | D:3      | Reached skill level 3 in Throwing
   741 | D:3      | Reached XP level 5. HP: 22/42 MP: 5/5
   741 | D:3      | Reached XP level 6. HP: 25/48 MP: 6/6
   741 | D:3      | lol
   748 | D:3      | Found the +2 ratskin cloak {*Rats rPois rN+ Str-1 Int-1
                  | Dex+1}
   957 | D:4      | Noticed Menkaure
  1075 | D:4      | Reached skill level 4 in Fighting
  1113 | D:4      | Reached skill level 4 in Dodging
  1222 | D:5      | Entered Level 5 of the Dungeon
  1395 | D:5      | Reached XP level 7. HP: 23/54 MP: 7/7
  1522 | D:4      | Noticed a water moccasin
  1677 | D:4      | Reached skill level 5 in Axes
  1927 | D:5      | Ouch! That really hurt!
  1947 | D:5      | ogres walk normally in water?
  2113 | D:5      | Found a shimmering altar of Xom.
  2130 | D:5      | Reached skill level 5 in Fighting
  2146 | D:4      | Reached XP level 8. HP: 46/62 MP: 8/8
  2228 | D:5      | Found a sacrificial altar of Ru.
  2301 | D:6      | Found a staircase to the Ecumenical Temple.
  2302 | D:6      | Found the +8 trident of the Octopus King {venom, rElec
                  | rPois}
  2317 | Temple   | Entered the Ecumenical Temple
  2417 | Temple   | Became a worshipper of Warmaster Okawaru
  2486 | D:6      | Reached skill level 4 in Throwing
  2498 | D:6      | Reached skill level 6 in Axes
  2778 | D:7      | Reached skill level 5 in Dodging
  2781 | D:7      | Reached * piety under Okawaru
  2782 | D:7      | Reached skill level 6 in Fighting
  2819 | D:7      | Reached XP level 9. HP: 52/69 MP: 9/9
  2877 | D:7      | Reached skill level 7 in Axes
  3051 | D:8      | Noticed a komodo dragon
  3059 | D:8      | Killed a komodo dragon
  3059 | D:8      | Reached ** piety under Okawaru
  3060 | D:8      | Reached skill level 7 in Fighting
  3060 | D:8      | Reached skill level 5 in Throwing
  3086 | D:8      | Reached skill level 1 in Invocations
  3158 | D:8      | Noticed Grum
  3182 | D:8      | Killed Grum
  3183 | D:8      | Reached skill level 2 in Invocations
  3191 | D:8      | Reached skill level 8 in Axes
  3200 | D:8      | Reached skill level 3 in Invocations
  3238 | D:8      | Reached *** piety under Okawaru
  3239 | D:8      | Reached XP level 10. HP: 45/79 MP: 12/12
  3382 | D:8      | Reached skill level 4 in Invocations
  3540 | D:8      | Reached skill level 6 in Throwing
  3728 | D:10     | Entered Level 10 of the Dungeon
  3777 | D:10     | Found a staircase to the Lair.
  3841 | D:9      | Reached skill level 5 in Invocations
  3856 | D:9      | Reached skill level 9 in Axes
  4049 | D:10     | Found Kokyig's Overcharged Wands.
  4073 | D:10     | Found a staircase to the Orcish Mines.
  4109 | D:10     | Noticed Sonja
  4119 | D:10     | Killed Sonja
  4119 | D:10     | Received a gift from Okawaru
  4120 | D:10     | Reached skill level 8 in Fighting
  4184 | D:11     | Noticed Erolcha
  4241 | Orc:1    | Entered Level 1 of the Orcish Mines
  4377 | Orc:1    | Found Ningelu's General Store.
  4411 | Orc:1    | Noticed an orc knight
  4551 | D:11     | Noticed a gargoyle
  4579 | D:11     | Killed a gargoyle
  4579 | D:11     | Reached **** piety under Okawaru
  4580 | D:11     | Reached skill level 10 in Axes
  4620 | D:11     | Noticed Erica
  4621 | D:11     | Reached XP level 11. HP: 75/86 MP: 12/15
  4630 | D:11     | Killed Erica
  4631 | D:11     | Reached skill level 6 in Dodging
  4631 | D:11     | Reached skill level 6 in Invocations
  4740 | D:12     | Noticed a skeletal warrior
  4740 | D:12     | Noticed a skeletal warrior
  4831 | D:12     | Noticed Frances
  4832 | D:12     | Noticed a soul eater
  4916 | D:12     | Noticed a manticore
  4928 | D:12     | Killed a manticore
  4928 | D:12     | Received a gift from Okawaru
  4929 | D:12     | Reached skill level 7 in Throwing
  4933 | D:12     | Noticed a fire giant
  4957 | D:12     | Found a frozen archway.
  4958 | D:12     | Noticed Nergalle
  4968 | D:12     | Killed Nergalle
  4969 | D:12     | Reached skill level 11 in Axes
  4974 | IceCv    | Entered an ice cave
  5353 | IceCv    | Reached ***** piety under Okawaru
  5408 | IceCv    | Slain by a death yak simulacrum

Illustrated notes ############# #.# ............# .># #.# ###########.# #.# #.# #.# #.# #.# #.# #.# #.# #.# #.# #.# #.# #.# #.# #.# #.# #.# #.# #@# #.# #.####[### #.# #........# #.# ############.#.# #.### #............#.# #.#<# ### #.############.# #.#.# ..# #.# #.# #.#.# #.###.# #.# #.#.# #.....# #.##########.#.. Turn 321 on D:2: this fucking layout

##.###..## #...# ****,****
....#..## #...# *,,,,,,,
.....#.########...###### *,,,***,
###......#....)........##*,,****,
# #....#.................,,,,,,,,
###..#####.............##*,*,*,*,
.....# ####.......#### *,,,,,*,
#.#### #.#>..#.# **,>,,,,, #.#
#.#.@.#.# *,,,,,,,* #,# #.#().#.#
*,**,**,* #.# #.#...#.# *,**,**,*
..# **#.......*****,**,,,,, ###
*.....###.#,,,,,,,***,*
*****#..<.#* *#..***,*,***,*
*,,,.....#* *#.#**,,,,,,,*
***,,,#....* *.(.,**,*****
*,,,,,.....** **,##,**,*


Turn 741 on D:3: lol #≈≈≈≈≈≈≈≈≈≈≈)≈## ##≈≈≈≈... ##≈≈≈≈≈≈≈≈≈≈≈#.####.#≈≈≈≈..
###≈≈≈≈≈######....######≈. #≈≈≈≈≈≈≈≈≈≈## #....# #≈≈≈≈. #≈≈≈≈≈≈≈≈≈≈≈# #....#
#≈≈≈≈. #######≈≈≈≈≈###....######≈≈ .PP.≈≈≈≈≈≈###''###≈≈≈≈≈≈
#..≈≈≈≈≈r≈≈##..##≈≈≈≈≈≈≈ #.≈≈≈≈≈@≈####'#####≈≈≈≈. #≈≈≈≈≈≈≈###.....≈≈##≈≈≈P
#≈≈≈≈≈≈##≈≈......≈.###≈. #.≈≈≈≈##≈≈.......≈≈..### #P.≈≈##.≈.#......#≈≈P #
.≈≈≈##.#≈###....###≈≈. ≈≈≈# .≈≈≈#......#≈≈≈≈ ≈≈# #.≈≈........≈≈≈≈≈
.≈≈≈#......#≈≈≈≈P Turn 1947 on D:5: ogres walk normally in water?

Levels and vault maps discovered:
D:1:      amcnicky_arrival_choice, layout_basic,
          shapermc_ecumenical_altar_hornbeckon, minmay_surrounded
D:2:      layout_basic, basic_altar
D:3:      layout_loops_cross, grunt_gozag_breadcrumbs, uniq_sigmund
D:4:      layout_cave_pods, minmay_goblin_outpost, uniq_menkaure
D:5:      wad_lake_hut, layout_basic, mainiacjoe_overflow_large_starburst
D:6:      layout_loops_ring, minmay_temple_entry_offerings,
          minmay_fractal_squares_diagonal_5
D:7:      layout_rooms, dreamdust_princess_bridge, guppyfry_early_elven_hall
D:8:      layout_loops_corners, uniq_grum
D:9:      layout_roguey, nzn_hepliaklqana_mist_gate
D:10:     layout_basic, lair_entry_dummy, david_orc_2,
          nicolae_shop_overcharged_wands, uniq_sonja
D:11:     layout_basic, uniq_erolcha, uniq_erica
D:12:     hourglass_vault, layout_cave_pools, portal_ice_cave_entry_pillars_2,
          serial_shops, freezing_bzr, kennysheep_nondescript,
          einodemon_barbed_minivault, uniq_frances, uniq_nergalle
Temple:   dpeg_five_rooms_temple
Orc:1:    layout_caves, serial_shops, shop
IceCv:    ice_cave_caverns_01

Skill      XL: |  1  2  3  4  5  6  7  8  9 10 11 |
---------------+----------------------------------+-----
Fighting       | 3 4 5 6 7 8 |  8.1
Axes           | 4 5 6 8 10 11 | 11.2
Throwing       | 3 4 5 6 7 |  7.1
Dodging        | 4 5 6 |  6.6
Invocations    | 3 5 6 |  6.8

Action                   |  1- 3 |  4- 6 |  7- 9 | 10-12 || total
-------------------------+-------+-------+-------+-------++-------
Melee: War axe           |    44 |   103 |   130 |   107 ||   384
       Punch             |     1 |     1 |     3 |     4 ||     9
       Trident           |       |       |    96 |    94 ||   190
       Battleaxe         |       |       |       |    64 ||    64
Throw: Throwing net      |     4 |     2 |     1 |       ||     7
       Dart              |       |     4 |     7 |     3 ||    14
       Boomerang         |       |     2 |    25 |    43 ||    70
       Javelin           |       |       |     1 |     4 ||     5
Invok: Heroism           |       |       |     3 |    12 ||    15
       Finesse           |       |       |       |     1 ||     1
Evoke: Wand              |       |       |     3 |    19 ||    22
  Use: Potion            |       |     2 |     3 |       ||     5
       Scroll            |       |     4 |     2 |     3 ||     9
 Stab: Held in net/web   |     1 |       |     1 |       ||     2
Armor: Leather armour    |     4 |       |       |       ||     4
       Ring mail         |    13 |    42 |   100 |    86 ||   241
Dodge: Dodged            |    26 |    65 |   148 |   180 ||   419

Table legend: (Time is in decaauts)
 A = Elapsed time spent in this place.
 B = Non-inter-level travel time spent in this place.
 C = Inter-level travel time spent in this place.
 D = Time resting spent in this place.
 E = Time spent auto-exploring this place.
 F = Levels seen in this place.
 G = Mean time per level.
                   A        B        C        D        E       F      G
               +--------+--------+--------+--------+--------+-----+--------+
         Total |   5614 |   5233 |    381 |     22 |     76 |  15 |  374.3 |
       Dungeon |   4758 |   4391 |    367 |     20 |     76 |  12 |  396.5 |
        Temple |    160 |    146 |     14 |      0 |      0 |   1 |  160.0 |
  Orcish Mines |    207 |    207 |      0 |      0 |      0 |   1 |  207.0 |
      Ice Cave |    488 |    488 |      0 |      2 |      0 |   1 |  488.0 |
               +--------+--------+--------+--------+--------+-----+--------+

Top non-repeatable levels by time:
     D:5: 716 daAuts
     D:8: 605 daAuts
     D:4: 597 daAuts
     D:2: 503 daAuts
     D:3: 494 daAuts
   IceCv: 488 daAuts
    D:10: 440 daAuts
    D:11: 337 daAuts
     D:7: 335 daAuts
     D:6: 306 daAuts
     D:9: 278 daAuts
   Orc:1: 207 daAuts
  Temple: 160 daAuts
    D:12: 76 daAuts
     D:1: 67 daAuts
